 Dungeon Crawl Stone Soup version 0.29-a0-993-g4a18f31a58 (webtiles) character file.

Game seed: 9956570917483858842

108 Sobieck the Sneak (level 4, 0/23 HPs)
             Began as a Vine Stalker Brigand on Aug 2, 2022.
             Slain by an orc priest
             ... wielding a +0 mace
              (2 damage)
             ... on level 3 of the Dungeon.
             The game lasted 00:04:29 (2400 turns).

Sobieck the Sneak (Vine Stalker Brigand)            Turns: 2400, Time: 00:04:29

Health: 0/23       AC:  4    Str: 14    XL:     4   Next: 87%
Magic:  0/5        EV: 12    Int: 17    God:
Gold:   174        SH:  0    Dex: 17    Spells: 3/3 levels left

rFire   + . .      SeeInvis .   a - +2 dagger {short}
rCold   + . .      Faith    .   (no shield)
rNeg    . . .      Spirit   +   b - +0 robe
rPois   .          Reflect  .   E - +0 helmet
rElec   +          Harm     .   c - +0 cloak
rCorr   .          Rampage  .   (no gloves)
Will    .....                   (no boots)
Stlth   +++.......              w - amulet of magic regeneration {@e2}
HPRegen 0.87/turn               u - ring of protection from cold
MPRegen 0.49/turn               x - ring of Loafare {rElec rF+ Int+6}

@: no status effects
A: fangs 2, regeneration 1, magic shield, antimagic bite, no potion heal 2
a: no special abilities


You were on level 3 of the Dungeon.
You visited 1 branch of the dungeon, and saw 3 of its levels.

You collected 174 gold pieces.


Innate Abilities, Weirdness & Mutations

You have extremely sharp teeth.
Your natural rate of healing is unusually fast.
When hurt, damage is shared between your health and your magic reserves.
Your bite disrupts and absorbs the magic of your enemies.
Potions cannot restore your health.


   Skills:
 + Level 2.5 Fighting
 * Level 3.1 Short Blades
 - Level 1.7 Throwing
 + Level 1.6 Dodging
 + Level 5.5 Stealth


You had 3 spell levels left.
You didn't know any spells.
Your spell library was empty.

Inventory:

Hand Weapons
 a - a +2 dagger (weapon) {short}
 G - a +4 club {mace}
   (You took it off Robin on level 3 of the Dungeon)
Missiles
 d - 9 poisoned darts (quivered) {throwing}
 e - 3 curare-tipped darts {=fthrowing}
 p - 29 stones {throwing}
 z - 5 javelins {throwing}
 A - 4 boomerangs {throwing}
Armour
 b - a +0 robe (worn)
 c - a +0 cloak (worn)
 g - a +0 robe
   (You found it on level 1 of the Dungeon)
 l - a +0 ring mail
   (You found it on level 1 of the Dungeon)
 m - a +0 leather armour
   (You found it on level 1 of the Dungeon)
 v - a +0 robe
   (You found it on level 2 of the Dungeon)
 y - a +0 scale mail
   (You found it on level 2 of the Dungeon)
 E - a +0 helmet (worn)
   (You took it off Robin on level 3 of the Dungeon)
 F - a +0 animal skin
   (You took it off Robin on level 3 of the Dungeon)
Jewellery
 u - a ring of protection from cold (left hand)
   (You found it on level 2 of the Dungeon)
 w - an amulet of magic regeneration (around neck) {@e2}
   (You found it on level 2 of the Dungeon)
 x - the ring of Loafare (right hand) {rElec rF+ Int+6}
   (You found it on level 2 of the Dungeon)

   [ring of intelligence]

   Int:       It affects your intelligence (+6).
   rF:        It protects you from fire.
   rElec:     It insulates you from electricity.
Scrolls
 h - 2 scrolls of brand weapon {unknown}
 j - a scroll of poison {unknown}
 k - a scroll of noise {unknown}
 n - 2 scrolls of identify {unknown}
 o - a scroll of silence {unknown}
 s - a scroll of teleportation {unknown}
 t - a scroll of amnesia {unknown}
 C - a scroll of blinking {unknown}
 D - a scroll of immolation {unknown}
Potions
 f - a potion of mutation {unknown}
 i - a potion of ambrosia {unknown}
 r - a potion of magic {unknown}
 B - a potion of cancellation {unknown}

Dungeon Overview and Level Annotations

Branches:
Dungeon (3/15) Zot: 15624

Altars:

Portals:
Sewer: D:3

...# .. ...#... ......# ..#..#
#......# ..#..# ##......#
##.#..# #........ ..#..#
##.##.##.########....#~~~#
................oog..#~g~#
##....##........@)o###~~~#
..............####..##~~~#
#####.##....### ##.##~~~# #
#.#.....#######..#~~~# .. #
##<#..#........##.#...#..?.
####.))..#.)......##.o........
..................'....###'#.
..#...#..#.)......##?..o......
#.#...#...........##..........


You could see an orc priest, 2 orcs and a goblin.


Message History

The orc barely misses you.
You hit the orc but do no damage. The giant cockroach bites you.
The orc hits you with a +0 flail.
You hit the orc but do no damage. The giant cockroach closely misses you.
You barely miss the orc. The orc misses you.
The giant cockroach closely misses you.
You hit the orc.
You kill the orc!
The giant cockroach bites you.
You hit the giant cockroach. You bite the giant cockroach.
You kill the giant cockroach!
E - a +0 helmet;
F - a +0 animal skin;
G - a +4 club {mace} You start putting on your armour.
You continue putting on your +0 helmet. x4
You finish putting on your +0 helmet.
Unknown command.
An orc comes into view. It is wielding a +0 club.
The orc shouts!
You hear a shout!
Danger!
Found a scroll labelled XALEIRE WEKHE.
Found a glowing drain.
Unknown command.
An orc comes into view. It is wielding a +0 dagger.
The quokka closely misses you.
An orc priest comes into view. It is wielding a +0 mace.
An orc wizard comes into view. It is wielding a +0 dagger.
The orc hits you with a +0 club.
The quokka bites you but does no damage.
You closely miss the orc.
The orc wizard shouts!
The orc shouts!
Your bite misses the orc. The orc closely misses you.
The orc priest looks braver for a moment.
The quokka barely misses you.
You hit the orc but do no damage. You bite the orc, but do no damage.
The quokka misses you. The orc closely misses you.
Unknown command.
The orc wizard casts a spell at you. You resist with some effort.
The orc wizard mumbles some strange words.
The orc wizard flickers and vanishes!
Deactivating autopickup; reactivate with Ctrl-A.
Unknown command.
The quokka bites you but does no damage.
The orc priest looks encouraged for a moment.
Things that are here:
a +0 flail {mace}; a +0 ring mail; an orc corpse You hear the rusting of a drain very nearby.
Things that are here:
a +0 club {mace}; a +0 sling You hit the quokka.
Your bite misses the quokka. The quokka closely misses you.
You hit the quokka but do no damage. Your bite misses the quokka.
The quokka barely misses you.
You hit the quokka but do no damage. Your bite misses the quokka.
The quokka closely misses you.
You hit the quokka. Your bite misses the quokka. The quokka bites you.
The orc closely misses you.
You hit the orc but do no damage. You bite the orc. You drain its power.
You feel invigorated. The quokka barely misses you.
The orc priest begins to cast a cantrip, but forgets the words!
You hit the quokka.
You kill the quokka!
The orc misses you.
You hit the orc but do no damage. You bite the orc, but do no damage.
You closely miss the orc. The orc closely misses you.
The orc hits you but does no damage.
The goblin shouts!
You hit the orc but do no damage. The orc barely misses you.
The orc hits you with a +0 club.
You hit the orc but do no damage. Your bite misses the orc.
The orc closely misses you. The orc misses you.
You hit the orc but do no damage. The orc priest hits you with a +0 mace.
The orc barely misses you. The orc misses you.
You closely miss the orc. You bite the orc, but do no damage.
Unknown command.
You hit the orc priest. You bite the orc priest. You drain its power.
You feel invigorated. The orc priest closely misses you.
The orc barely misses you. The orc hits you with a +0 club.
You closely miss the orc priest. Your bite misses the orc priest.
The orc priest hits you with a +0 mace! The orc hits you with a +0 dagger.
The orc closely misses you.
You hit the orc priest. Your bite misses the orc priest.
The orc priest hits you with a +0 mace.
* * * LOW HITPOINT WARNING * * *
The orc hits you with a +0 dagger.
* * * LOW HITPOINT WARNING * * *
The orc misses you.
Unknown command.
You hit the orc priest. The orc priest hits you with a +0 mace.
* * * LOW HITPOINT WARNING * * *
The orc hits you with a +0 dagger.
* * * LOW HITPOINT WARNING * * *
The orc barely misses you.
You closely miss the orc priest.
The orc priest calls down the wrath of Beogh upon you.
Beogh smites you!
* * * LOW HITPOINT WARNING * * *
The orc misses you.
Unknown command.
It was a potion of curing.
That felt strangely inert.
The orc priest hits you with a +0 mace.
You die...

Skill      XL: |  1  2  3  4 |
---------------+-------------+-----
Short Blades   | 2 3 |  3.1
Dodging        | 1 |  1.6
Stealth        | 5 |  5.5
Fighting       | 2 |  2.5
Throwing       | |  1.7

Action                   |  1- 3 |  4- 6 || total
-------------------------+-------+-------++-------
Melee: Dagger            |    96 |    94 ||   190
       Bite              |    19 |    22 ||    41
  Use: Potion            |       |     1 ||     1
 Stab: Sleeping          |    10 |     1 ||    11
       Distracted        |       |     1 ||     1
Armor: Robe              |    20 |    12 ||    32
Dodge: Dodged            |    34 |    77 ||   111

Levels and vault maps discovered:
D:1:      minmay_arrival_stone_box, layout_basic
D:2:      layout_rooms, hellmonk_ecumenical_altar_heavens_door
D:3:      layout_basic, minitemple, nicolae_vehumet_altar_sigil,
          portal_sewer_entry_f, minmay_joined_circles, uniq_robin, uniq_sigmund

Notes
Turn   | Place    | Note
-------+----------+-------------------------------------------
     0 | D:1      | Sobieck the Vine Stalker Brigand began the quest for the
                  | Orb.
     0 | D:1      | Reached XP level 1. HP: 11/11 MP: 2/2
   444 | D:1      | Reached skill level 2 in Short Blades
   446 | D:1      | Reached skill level 1 in Dodging
   446 | D:1      | Reached XP level 2. HP: 15/15 MP: 3/3
   537 | D:1      | Reached skill level 5 in Stealth
   543 | D:1      | Reached skill level 2 in Fighting
  1210 | D:1      | Reached XP level 3. HP: 18/18 MP: 4/4
  1291 | D:2      | Found a faded altar of an unknown god.
  1739 | D:2      | Identified the ring of Loafare {rElec rF+ Int+6}
  2087 | D:3      | Gained mutation: Your natural rate of healing is unusually
                  | fast. [Vine Stalker growth]
  2087 | D:3      | Reached XP level 4. HP: 14/23 MP: 5/5
  2252 | D:3      | Noticed Robin
  2279 | D:3      | Killed Robin
  2280 | D:3      | Reached skill level 3 in Short Blades
  2372 | D:3      | Found a glowing drain.
  2399 | D:3      | HP: 1/23 [orc priest/divine providence (8)]
  2400 | D:3      | Slain by an orc priest

Vanquished Creatures
  Robin (D:3)
  An adder (D:3)
  A worm (D:2)
  4 dart slugs
  3 orcs (D:3)
  8 ball pythons
  3 bats
  6 endoplasms
  5 giant cockroaches
  9 goblins
  6 hobgoblins
  4 jackals
  3 quokkas
  5 frilled lizards
  4 kobolds
  5 rats
68 creatures vanquished.

Table legend:
 A = Non-vault XP
 B = Vault XP
 C = Vault XP percentage of total XP
 D = Non-vault monster count
 E = Vault monster count
 F = Vault count percentage of total count
                 A         B        C        D         E       F
            +---------+---------+-------+---------+---------+-------
      Total |     101 |      54 |  34.8 |      46 |      22 |  32.4
            +---------+---------+-------+---------+---------+-------
        D:1 |      35 |       0 |   0.0 |      18 |       0 |   0.0
        D:2 |      36 |       6 |  14.3 |      18 |       3 |  14.3
        D:3 |      30 |      48 |  61.5 |      10 |      19 |  65.5
            +---------+---------+-------+---------+---------+-------

Illustrated notes

Table legend:
 A = Kills in this place as a percentage of kills in entire the game.
 B = Kills by you in this place as a percentage of kills by you in the entire game.
 C = Kills by friends in this place as a percentage of kills by friends in the entire game.
 D = Other kills in this place as a percentage of other kills in the entire game.
 E = Experience gained in this place as a percentage of experience gained in the entire game.
 F = Experience gained in this place divided by the number of levels of this place that you have seen.
                   A       B       C       D       E      F
               +-------+-------+-------+-------+-------+----------------------
         Total | 100.0 | 100.0 |   N/A |   N/A | 100.0 |  51.7
       Dungeon | 100.0 | 100.0 |   N/A |   N/A | 100.0 |  51.7
               +-------+-------+-------+-------+-------+----------------------

Table legend: (Time is in decaauts)
 A = Elapsed time spent in this place.
 B = Non-inter-level travel time spent in this place.
 C = Inter-level travel time spent in this place.
 D = Time resting spent in this place.
 E = Time spent auto-exploring this place.
 F = Levels seen in this place.
 G = Mean time per level.
                   A        B        C        D        E       F      G
               +--------+--------+--------+--------+--------+-----+--------+
         Total |   2374 |   2304 |     70 |     60 |   1784 |   3 |  791.3 |
       Dungeon |   2374 |   2304 |     70 |     60 |   1784 |   3 |  791.3 |
               +--------+--------+--------+--------+--------+-----+--------+

Top non-repeatable levels by time:
     D:1: 1236 daAuts
     D:2: 788 daAuts
     D:3: 349 daAuts
